 Dungeon Crawl Stone Soup version 0.25.1-4-g9407a263a5 (webtiles) character file.

Game seed: 12398921336546207453

66 Clowwww the Skirmisher (level 3, 0/43 HPs)
             Began as a Demonspawn Fighter on Nov 27, 2020.
             Slain by an adder (3 damage)
             ... on level 2 of the Dungeon.
             The game lasted 00:05:56 (1163 turns).

Clowwww the Skirmisher (Demonspawn Fighter)         Turns: 1163, Time: 00:05:57

Health: 0/43       AC: 21    Str: 17    XL:     3   Next: 96%
Magic:  3/3        EV:  2    Int:  9    God:
Gold:   75         SH:  8    Dex: 12    Spells: 2/2 levels left

rFire    . . .     SeeInvis .   a - +0 war axe
rCold    . . .     Gourm    .   c - +0 kite shield
rNeg     + + +     Faith    .   (armour currently unavailable)
rPois    +         Spirit   .   (helmet currently unavailable)
rElec    .         Reflect  .   (cloak currently unavailable)
rCorr    .         Harm     .   (gloves currently unavailable)
MR       .....     NoTele   +   (boots currently unavailable)
Stlth    +.........             (no amulet)
HPRegen  0.14/turn              (no ring)
MPRegen  0.08/turn              (no ring)

@: lethally poisoned (0 -> -2), tree-form
A: no striking features
a: no special abilities


You were on level 2 of the Dungeon.
You were not hungry.
You were a tree.
You visited 1 branch of the dungeon, and saw 2 of its levels.

You collected 75 gold pieces.

Inventory:

Hand Weapons
 a - a +0 war axe (weapon)
Armour
 b - a +0 scale mail (melded)
 c - a +0 kite shield (worn)
 n - a +0 cloak of stealth
Jewellery
 h - an uncursed amulet of regeneration {unknown}
 i - an uncursed ring of stealth {unknown}
Scrolls
 e - 3 scrolls of remove curse {unknown}
 l - a scroll of teleportation {unknown}
Potions
 d - a potion of might
 j - 2 potions of lignification
 k - a potion of curing {unknown}
 m - a potion of haste {unknown}
Comestibles
 f - 3 rations
 g - 3 chunks of flesh


   Skills:
 + Level 3.2 Fighting
 + Level 3.0 Axes
 * Level 1.0 Throwing
 + Level 2.9 Armour
 + Level 0.3 Dodging
 + Level 2.8 Shields


You had 2 spell levels left.
You didn't know any spells.
Your spell library was empty.

Dungeon Overview and Level Annotations

Branches:
Dungeon (2/15)

Altars:


Innate Abilities, Weirdness & Mutations

((You have sharp toenails.))
((You are partially covered in yellow scales. (AC +2)))


Message History

The adder bites you but does no damage.
You hit the adder but do no damage.
The adder is heavily wounded.
The adder bites you.
* * * LOW HITPOINT WARNING * * *
The adder bites you but does no damage.
It was a potion of lignification.
You turn into a tree.
Your +0 scale mail melds into your body.
Your roots penetrate the ground.
The adder barely misses you.
You closely miss the adder.
The adder is heavily wounded.
The adder bites you.
* * * LOW HITPOINT WARNING * * *
You are more poisoned.
The adder poisons you! You block the adder's attack.
You barely miss the adder.
The adder is heavily wounded.
* * * LOW HITPOINT WARNING * * *
You feel sick. The adder bites you.
You die...

..?.. #..†.†...#...........'.
......####.#.#..÷..)...(...#.
...............#....>......#.
.. .............#....######..
# #####.....##........(....>
#....h##.≈≈≈≈≈.≈≈≈≈...
#...rh##.≈≈≈≈≈.≈≈≈≈...
#.###S##.≈≈≈≈≈.≈≈≈≈... ...
#♣##. ≈≈≈≈.≈≈≈≈... #.###
#...........≈≈≈≈... #
#..##.≈≈≈≈(........ ....
≈≈≈≈.≈≈≈≈≈... #####
≈≈≈≈.≈≈≈≈≈... ≈≈≈≈.≈≈≈≈≈...
≈≈≈≈.≈≈≈≈≈).. ............#
.........####


You could see an adder, 2 jackals and a rat.

Vanquished Creatures
  3 adders (D:2)
  2 leopard geckos
  2 giant cockroaches (D:1)
  2 goblins (D:1)
  9 hobgoblins
  3 jackals (D:2)
  3 kobolds
  4 bats
  4 frilled lizards
  4 rats
36 creatures vanquished.

Notes
Turn   | Place    | Note
-------+----------+-------------------------------------------
     0 | D:1      | Clowwww the Demonspawn Fighter began the quest for the Orb.
     0 | D:1      | Reached XP level 1. HP: 18/18 MP: 1/1
   293 | D:1      | Gained mutation: You are partially covered in yellow
                  | scales. (AC +2) [demonic ancestry]
   293 | D:1      | Reached XP level 2. HP: 19/24 MP: 2/2
   995 | D:2      | Reached skill level 1 in Throwing
   995 | D:2      | Gained mutation: You have sharp toenails. [demonic
                  | ancestry]
   995 | D:2      | Reached XP level 3. HP: 26/29 MP: 3/3
  1163 | D:2      | Slain by an adder

Illustrated notes

Levels and vault maps discovered:
D:1:      erik_arrival_orb_chamber, layout_loops_ring
D:2:      layout_basic, grunt_temple_overflow_open, supply_closet_lemuel,
          minivault_14

Skill      XL: |  1  2  3 |
---------------+----------+-----
Axes           | 2 3 |  3.0
Throwing       | 1 |  1.0
Fighting       | |  3.2
Armour         | |  2.9
Dodging        | |  0.3
Shields        | |  2.8

Action                   || total
-------------------------++-------
Melee: War axe           ||   115
       Kick              ||     4
  Use: Potion            ||     1
  Eat: Chunk             ||     1
Armor: Scale mail        ||    68
Dodge: Dodged            ||    39
Block: Kite shield       ||    80
